 Dungeon Crawl Stone Soup version 0.27.1-33-g824d729ab1 (webtiles) character file.

Game seed: 13932479259744051743

83 Cheops the Poker (level 4, 0/35 HPs)
             Began as a Formicid Abyssal Knight on Dec 15, 2021.
             Was a Follower of Lugonu.
             Slain by a dart slug (1 damage)
             ... on level 2 of the Dungeon.
             The game lasted 00:04:59 (1839 turns).

Cheops the Poker (Formicid Abyssal Knight)          Turns: 1839, Time: 00:05:00

Health: 0/35       AC:  3    Str: 17    XL:     4   Next: 71%
Magic:  5/5        EV: 11    Int: 12    God:    Lugonu [*.....]
Gold:   32         SH:  0    Dex: 10    Spells: 3/3 levels left

rFire    . . .     SeeInvis +   a - +1 spear
rCold    . . .     Faith    .   (no shield)
rNeg     + . .     Spirit   .   b - +0 leather armour
rPois    .         Reflect  .   (helmet unavailable)
rElec    .         Harm     .   (no cloak)
rCorr    .         Rampage  .   (no gloves)
Will     .....                  (no boots)
Stlth    +.........             (no amulet)
HPRegen  0.11/turn              c - ring of positive energy
MPRegen  0.09/turn              (no ring)

@: no status effects
A: permanent stasis, dig shafts and tunnels, antennae 3, four strong arms
a: Dig, Shaft Self, Renounce Religion, Depart the Abyss


You were on level 2 of the Dungeon.
You worshipped Lugonu.
Lugonu was aware of your devotion.
You visited 1 branch of the dungeon, and saw 2 of its levels.
You visited the Abyss 1 time.

You collected 32 gold pieces.

Inventory:

Hand Weapons
 a - a +1 spear (weapon)
Armour
 b - a +0 leather armour (worn)
Jewellery
 c - a ring of positive energy (left hand)
Scrolls
 d - a scroll of identify {unknown}
 e - a scroll of blinking {unknown}
 f - 2 scrolls of fog {unknown}
 h - a scroll of noise {unknown}
 i - a scroll of silence {unknown}
 j - a scroll of fear {unknown}
Potions
 g - a potion of mutation {unknown}
 k - a potion of attraction {unknown}


   Skills:
 - Level 3.2 Fighting
 + Level 4.5 Polearms
 - Level 2.1 Armour
 - Level 0.8 Dodging
 - Level 2.1 Invocations


You had 3 spell levels left.
You didn't know any spells.
Your spell library contained the following spells:

 Spells                   Type           Power      Damage    Failure   Level
 Olgreb's Toxic Radiance  Pois           0%         N/A       98%         4
 Ozocubu's Refrigeration  Ice            0%         4d5       100%        7
 Ignition                 Fire           0%         3d3       100%        8


Dungeon Overview and Level Annotations

Branches:
Dungeon (2/15)

Altars:


Innate Abilities, Weirdness & Mutations

You cannot be hasted, slowed, berserked, paralysed or teleported.
You can dig through walls and to a lower floor.
You have a pair of large antennae on your head. (SInv)
Your four strong arms can wield two-handed weapons with a shield.


Message History

The adder barely misses you.
You barely miss the adder.
The adder is almost dead.
The adder barely misses you.
You hit the adder but do no damage.
The adder is almost dead.
The adder completely misses you.
You miss the adder.
The adder is almost dead.
The adder misses you.
You barely miss the adder.
The adder is almost dead.
The adder closely misses you. The adder barely misses you.
You puncture the adder!
You kill the adder!
Lugonu accepts your kill. The bat hits you.
* * * LOW HITPOINT WARNING * * *
You miss the bat. The bat hits you.
* * * LOW HITPOINT WARNING * * *
The bat hits you.
* * * LOW HITPOINT WARNING * * *
You hit the bat.
You kill the bat!
Lugonu accepts your kill.
You puncture the hobgoblin!
You kill the hobgoblin!
Lugonu accepts your kill.
You swing at nothing.
You swing at nothing.
You hit the dart slug but do no damage. The dart slug launches a dart at you.
The slug dart hits you.
* * * LOW HITPOINT WARNING * * *
You hit the dart slug.
The dart slug is heavily wounded.
You hit the dart slug but do no damage.
The dart slug is heavily wounded.
The dart slug bites you.
You die...

.#.#####.###....
##.##..(##.......
..#...!.#.####..
#.#$!...###$$##. #
#.#$?)(.##!.)(#.
#.##.#.##???w#+b..)#.
#..)....#####g##r)##.
#.#####.)...#w#####..
#.#..##@##....#
#....'...#.#### #.#
#.##.##(##.# #.#
#.##..###..# #.#
..###.....### #.#
...#####.....#####.#
####....)...#....##.#
#.####.....##.##.#
#.†#####.##.##.#


You could see 2 dart slugs, a goblin, a bat and a rat.

Vanquished Creatures
  A gnoll (D:2)
  2 adders (D:2)
  2 worms (D:2)
  2 dart slugs
  2 endoplasms
  2 giant cockroaches
  2 goblins (D:1)
  2 hobgoblins (D:2)
  11 jackals (D:1)
  5 kobolds
  2 quokkas (D:1)
  4 ball pythons
  2 bats
  3 frilled lizards (D:1)
  2 rats (D:1)
44 creatures vanquished.

Notes
Turn   | Place    | Note
-------+----------+-------------------------------------------
     0 | Abyss:1  | Cheops the Formicid Abyssal Knight began the quest for the
                  | Orb.
     0 | Abyss:1  | Reached XP level 1. HP: 18/18 MP: 2/2
   136 | Abyss:1  | Noticed a quasit
   140 | D:1      | Escaped the Abyss
   220 | D:1      | Found a faded altar of an unknown god.
   242 | D:1      | Reached XP level 2. HP: 24/24 MP: 3/3
   293 | D:1      | Reached * piety under Lugonu
   294 | D:1      | Reached skill level 3 in Polearms
   829 | D:1      | Reached XP level 3. HP: 26/29 MP: 4/4
  1798 | D:2      | Reached skill level 4 in Polearms
  1798 | D:2      | Reached XP level 4. HP: 34/35 MP: 5/5
  1837 | D:2      | HP: 1/35 [dart slug/slug dart (4)]
  1839 | D:2      | Slain by a dart slug

Illustrated notes

Levels and vault maps discovered:
D:1:      dpeg_arrival_simpleton_c, layout_loops_ring,
          dreamdust_ecumenical_altar_grove, serial_forest,
          infiniplex_forest_lined_2, infiniplex_forest_diagonal,
          infiniplex_forest_lined_2, infiniplex_forest_straight_2,
          infiniplex_forest_zigzag_1, infiniplex_forest_lined_3,
          infiniplex_forest_lined_corner, infiniplex_forest_end_2,
          infiniplex_forest_lined_3_way
D:2:      layout_loops_ring, minmay_joined_circles

Skill      XL: |  1  2  3 |
---------------+----------+-----
Polearms       | 3 4 |  4.5
Fighting       | |  3.2
Armour         | |  2.1
Dodging        | |  0.8
Invocations    | |  2.1

Action                   |  1- 3 |  4- 6 || total
-------------------------+-------+-------++-------
Melee: Spear             |   159 |    38 ||   197
Invok: Depart the Abyss  |     1 |       ||     1
 Abil: Dig               |     7 |       ||     7
  Use: Potion            |     1 |       ||     1
Armor: Leather armour    |    26 |     2 ||    28
Dodge: Dodged            |    73 |    11 ||    84
